 Dungeon Crawl Stone Soup version 0.17-a0-1927-g319369b (webtiles) character file.

2023 Ordine the Thaumaturge (level 9, 0/48 HPs)
             Began as a Gargoyle Earth Elementalist on Sept 29, 2015.
             Was an Initiate of Vehumet.
             Slain by a black bear (7 damage)
             ... on level 7 of the Dungeon.
             The game lasted 00:30:25 (5950 turns).

Ordine the Thaumaturge (GrEE)                       Turns: 5950, Time: 00:30:26

Health: 0/48       AC:  9    Str: 17    XL:     9   Next: 23%
Magic:  0/23       EV: 12    Int: 18    God:    Vehumet [......]
Gold:   467        SH:  4    Dex: 10    Spells: 4 memorised, 17 levels left

rFire  . . .     SeeInvis .     B - +0 whip (freeze)
rCold  + . .     Clarity  +     b - +0 robe
rNeg   + . .     SustAt   .     w - +0 buckler
rPois  ∞         Gourm    .     p - +0 helmet
rElec  +         Spirit   .     (no cloak)
rCorr  .         Warding  .     (no gloves)
rMut   .         Stasis   .     e - +0 pair of boots
MR     .....                    v - amulet of clarity
Stlth  ++........               m - ring of protection from cold
                                n - +4 ring of strength

@: very slightly contaminated, not resistant to hostile enchantments, unstealthy
A: negative energy resistance 1, electricity resistance, unbreathing,
petrification resistance, rot immunity, AC +5
a: Renounce Religion


You were on level 7 of the Dungeon.
You worshipped Vehumet.
Vehumet was noncommittal.
You were not hungry.

You visited 2 branches of the dungeon, and saw 8 of its levels.

You collected 467 gold pieces.

Inventory:

Hand weapons
 q - a +1 flail
 B - a +0 whip of freezing (weapon)
Missiles
 a - 141 stones (quivered)
Armour
 b - a +0 robe (worn)
 e - a +0 pair of boots (worn)
 p - a +0 helmet (worn)
 w - a +0 buckler (worn)
Magical staves
 C - an uncursed staff of wizardry
Jewellery
 m - a ring of protection from cold (right hand)
 n - a +4 ring of strength (left hand)
 u - an uncursed amulet of resist corrosion
 v - an amulet of clarity (around neck)
Magical devices
 k - a wand of confusion (37)
 r - a wand of slowing (15)
 y - a wand of fire (9)
 A - a wand of hasting (1)
Scrolls
 h - a scroll of recharging
 t - 2 scrolls of teleportation
Potions
 f - 2 potions of invisibility
 g - 2 potions of heal wounds
 j - 2 potions of brilliance
 l - 3 potions of might
 o - 4 potions of curing
 s - 2 potions of resistance
 x - 3 potions of flight {unknown}
Books
 c - a book of Geomancy

   Spells                             Type                      Level
   a - Sandblast                      Earth                        1
   b - Stoneskin                      Transmutation/Earth          2
   c - Passwall                       Transmutation/Earth          3
   d - Stone Arrow                    Conjuration/Earth            3
   e - Petrify                        Transmutation/Earth          4
   f - Lee's Rapid Deconstruction     Earth                        5
Comestibles
 d - 7 bread rations
 i - 4 meat rations


   Skills:
 + Level 2.0 Fighting
 + Level 2.0 Maces & Flails
 + Level 1.9 Armour
 + Level 2.5 Dodging
 - Level 2.1 Stealth
 + Level 2.0 Shields
 * Level 10.0 Spellcasting
 + Level 3.2 Conjurations
 - Level 0.7 Transmutations
 + Level 9.7 Earth Magic
 + Level 1.4 Evocations


You had 17 spell levels left.
You knew the following spells:

 Your Spells              Type           Power        Failure   Level  Hunger
a - Sandblast             Erth           #####.       1%          1    None
b - Stoneskin             Trmt/Erth      ####....     1%          2    None
c - Stone Arrow           Conj/Erth      ####..       1%          3    None
d - Lee's Rapid Deconstr  Erth           #####.....   6%          5    #####..


Dungeon Overview and Level Annotations

Branches:
Dungeon (7/15)             Temple (1/1) D:7

Altars:
Ashenzari
Cheibriados
Dithmenos
Elyvilon
Fedhas
Gozag
Kikubaaqudgha
Makhleb
Nemelex Xobeh
Okawaru
Qazlal
Ru
Sif Muna
Trog
Vehumet
Xom
Yredelemnul
Zin
The Shining One


Innate Abilities, Weirdness & Mutations

You are resistant to torment.
Your stone body is resilient (AC +5).
You are immune to poison.
You resist negative energy.
You are resistant to electric shocks.
You can survive without breathing.
You are immune to petrification.
You are immune to rotting.


Message History

You block the black bear's attack. The black bear barely misses you.
The black bear claws you but does no damage.
The black bear misses you. The black bear barely misses you.
The black bear misses you.
The black bear rages.
The black bear barely misses you. The black bear completely misses you.
You block the black bear's attack. The black bear barely misses you.
The black bear claws you but does no damage.
The black bear claws you.
* * * LOW HITPOINT WARNING * * *
Casting: Sandblast
Confirm with . or Enter, or press ? or * to list all spells.
Aiming: Sandblast
Press: ? - help, Shift-Dir - straight line, f/p - black bear
Aim: a black bear (severely wounded, berserk, fast, unusually strong)
The blast of sand hits the black bear.
The black bear is almost dead.
The black bear bites you!
You die...

..##.....##
#.###...## #.#
#.p.#
####.###...###
.....#.......#####
###..............#
.....p.......###.#
.##..###...### #.#
.##..# #...# #@#
.##..# ##.## #h#
..#..# #.# #.#
.....# #.# ####.#
..#.## .# #....#
###.#####.# #†####
..........# #.
###.####### #.
.##.# ..


You could see a black bear (berserk).

Vanquished Creatures
  Pikel (D:7)
  Menkaure (D:6)
  An ice beast (D:5)
  An ogre (D:4)
  A necrophage (D:7)
  An orc warrior (D:7)
  2 black bears (D:7)
  The ghost of Gargoyl the Skirmisher, an average DsAK of Lugonu (D:4)
  A centaur (D:7)
  The ghost of kinazarov the Sneak, an average VSMo (D:3)
  A giant frog (D:7)
  A scorpion (D:6)
  A crimson imp (D:5)
  A giant frog skeleton (D:7)
  An orc wizard (D:6)
  A giant frog zombie (D:3)
  An orc priest (D:7)
  Terence (D:3)
  2 hounds (D:5)
  3 worker ants
  Robin (D:2)
  7 gnolls (D:3)
  A shadow imp (D:5)
  An adder (D:3)
  4 oozes
  2 worms
  5 giant geckos
  12 orcs
  4 ball pythons
  3 giant cockroaches
  7 hobgoblins
  A jackal (D:2)
  A quokka (D:3)
  4 bats
  3 giant newts
  15 goblins
  2 jackal skeletons
  5 kobolds
  5 rats
107 creatures vanquished.

Notes
Turn   | Place    | Note
--------------------------------------------------------------
     0 | D:1      | Ordine the Gargoyle Earth Elementalist began the quest for the Orb.
     0 | D:1      | Reached XP level 1. HP: 10/10 MP: 3/3
   124 | D:1      | Reached XP level 2. HP: 13/15 MP: 0/5
   128 | D:1      | Learned a level 2 spell: Stoneskin
   795 | D:2      | Reached skill level 4 in Earth Magic
   795 | D:2      | Reached XP level 3. HP: 19/19 MP: 2/7
   814 | D:2      | Learned a level 3 spell: Stone Arrow
  1239 | D:2      | Noticed Robin
  1292 | D:2      | Killed Robin
  1494 | D:2      | Reached XP level 4. HP: 22/24 MP: 7/9
  1500 | D:2      | Reached skill level 9 in Spellcasting
  1500 | D:2      | Reached XP level 5. HP: 25/28 MP: 7/16
  1603 | D:2      | Learned a level 5 spell: Lee's Rapid Deconstruction
  1678 | D:3      | Noticed kinazarov's ghost (average VSMo)
  1681 | D:3      | Noticed Terence
  1683 | D:3      | Killed kinazarov's ghost
  1683 | D:3      | Reached skill level 1 in Conjurations
  1697 | D:3      | Killed Terence
  1697 | D:3      | Reached XP level 6. HP: 17/32 MP: 0/18
  2624 | D:4      | Reached XP level 7. HP: 36/36 MP: 16/19
  2636 | D:4      | Noticed Gargoyl's ghost (average DsAK)
  2644 | D:4      | Killed Gargoyl's ghost
  3588 | D:5      | Entered Level 5 of the Dungeon
  3730 | D:5      | Found an opulent altar of Gozag.
  3730 | D:5      | Found a shimmering altar of Xom.
  3732 | D:5      | Found a deep blue altar of Sif Muna.
  3733 | D:5      | Found an iron altar of Okawaru.
  3733 | D:5      | Found a glowing golden altar of the Shining One.
  3733 | D:5      | Found a sparkling altar of Nemelex Xobeh.
  4542 | D:6      | Noticed Menkaure
  4550 | D:6      | Killed Menkaure
  4550 | D:6      | Reached skill level 1 in Armour
  4550 | D:6      | Reached XP level 8. HP: 15/42 MP: 3/21
  4751 | D:6      | Found a shattered altar of Ashenzari.
  5053 | D:7      | Reached skill level 1 in Fighting
  5053 | D:7      | Reached skill level 1 in Maces & Flails
  5062 | D:7      | Reached skill level 1 in Shields
  5068 | D:7      | Reached skill level 1 in Evocations
  5297 | D:7      | Found a blossoming altar of Fedhas.
  5297 | D:7      | Found an ancient bone altar of Kikubaaqudgha.
  5427 | D:7      | Found a staircase to the Ecumenical Temple.
  5438 | Temple   | Entered the Ecumenical Temple
  5508 | Temple   | Became a worshipper of Vehumet
  5698 | D:7      | Noticed Pikel
  5751 | D:7      | Killed Pikel
  5751 | D:7      | Reached skill level 10 in Spellcasting
  5751 | D:7      | Reached XP level 9. HP: 25/48 MP: 0/23
  5930 | D:7      | Found a bloodstained altar of Trog.
  5950 | D:7      | Slain by a black bear

Vault maps used:
D:1:      sevenhm_arrival_forest_fort_small_5
D:2:      minmay_unequal, uniq_robin
D:3:      uniq_terence
D:4:      grunt_ministairs_11
D:5:      grunt_temple_overflow_open, first_bread
D:6:      lemuel_crystal_altar, minivault_10, uniq_menkaure
D:7:      kennysheep_six_static_rooms, grunt_temple_overflow_growth_and_decay,
          minmay_temple_entry_glassed_door, serial_shops, shop,
          trog_ov_bears_minmay, uniq_pikel
Temple:   eino_wide_crystal_templ_10

Action                   |  1- 3 |  4- 6 |  7- 9 || total
-------------------------+-------+-------+-------++-------
Melee: Mace              |    40 |     1 |       ||    41
       Flail             |       |       |    31 ||    31
       Whip              |       |       |     3 ||     3
 Cast: Sandblast         |    46 |   102 |    60 ||   208
       Stone Arrow       |       |       |    57 ||    57
       Stoneskin         |       |       |     5 ||     5
  Use: Scroll            |     5 |     6 |     7 ||    18
       Potion            |     1 |     1 |       ||     2
  Eat: Chunk             |     2 |     3 |     6 ||    11
       Royal jelly       |       |       |     1 ||     1
       Fruit             |       |       |     1 ||     1
       Beef jerky        |       |       |     1 ||     1
